AoeStats
← Hydro

Arabia

510200237Analyzed
1v1 RM · 16h ago on Sep 29, 2026· 45m 21s· 2 players
Game mode
Random Map
Map size
Tiny (2 player)
Population
200
Speed
Normal
Resources
Standard
Victory
Conquest
Starting age
Dark Age
Ending age
Imperial Age
RankedLock teamsTeams togetherTeam positionsShared explorationLock speedFull tech treeHidden civsTurbo modeCheats
Victory
Defeat
🇨🇱 Saxons · Chile
844
+16
🇵🇪 Britons · Peru
845
-16
El_Oz0
7:01 Loom
10:07 Feudal Age
12:14 Double-Bit Axe
13:20 Horse Collar
17:28 Castle Age
19:58 Bow Saw
22:19 Arson
24:04 Wheelbarrow
25:04 Squires
24:53 Gambesons
27:31 Hand Cart
34:10 Imperial Age
33:42 Forging
33:32 Scale Mail Armor
33:25 Fletching
33:39 Gold Mining
33:40 Stone Mining
35:30 Conscription
34:33 Shield Wall
36:42 Heavy Scorpion
36:47 Elite Varangian Guard
37:44 Devotion
Hydro
0:32 Loom
9:40 Feudal Age
16:28 Castle Age
14:31 Double-Bit Axe
15:27 Gold Mining
15:34 Stone Mining
16:13 Horse Collar
17:57 Bow Saw
20:16 Fervor
20:19 Town Watch
22:00 Wheelbarrow
27:32 Imperial Age
26:30 Hand Cart
27:27 Town Patrol
32:55 Conscription
32:36 Warwolf
35:25 Light Cavalry
36:06 Husbandry
41:09 Scale Mail Armor
41:10 Padded Archer Armor
41:23 Forging
43:51 Scale Barding Armor
Connection lost

Rejoining the realm…

Still unreachable

The connection could not be restored.

Session expired

The server has moved on; the page needs a fresh start.